 Dungeon Crawl Stone Soup version 0.29-a0-283-ga02f740833 (webtiles) character file.

Game seed: 1489715987894652626

1911 drugrobin the Cleaver (level 8, -1/66 HPs)
             Began as a Demigod Fighter on Mar 14, 2022.
             Slain by a two-headed ogre
             ... wielding a +0 giant club
              (37 damage)
             ... on level 5 of the Dungeon.
             The game lasted 00:13:30 (7425 turns).

drugrobin the Cleaver (Demigod Fighter)             Turns: 7425, Time: 00:13:30

Health: -1/66      AC: 10    Str: 25    XL:     8   Next: 63%
Magic:  10/10      EV: 10    Int: 10    God:
Gold:   164        SH:  4    Dex: 13    Spells: 7/7 levels left

rFire   . . .      SeeInvis .   a - +0 war axe
rCold   + . .      Faith    .   c - +0 buckler
rNeg    . . .      Spirit   .   x - +3 ring mail {rC+}
rPois   .          Reflect  .   (no helmet)
rElec   .          Harm     .   (no cloak)
rCorr   .          Rampage  .   u - +0 pair of gloves
Will    .....                   I - +0 pair of boots
Stlth   +.........              (no amulet)
HPRegen 0.21/turn               (no ring)
MPRegen 0.12/turn               (no ring)

@: no status effects
A: high MP 1, forlorn, divine attributes
a: no special abilities


You were on level 5 of the Dungeon.
You visited 1 branch of the dungeon, and saw 5 of its levels.
You also visited: Ossuary.

You collected 197 gold pieces.
You spent 33 gold pieces at shops.

Inventory:

Hand Weapons
 a - a +0 war axe (weapon)
 b - a +0 hunting sling
Missiles
 g - 9 poisoned darts (quivered)
 m - a boomerang of dispersal
Armour
 c - a +0 buckler (worn)
 u - a +0 pair of gloves (worn)
 x - a +3 ring mail of cold resistance (worn)
 I - a +0 pair of boots (worn)
Magical Staves
 y - a staff of air
Wands
 d - a wand of charming (11)
Scrolls
 f - 5 scrolls of identify {unknown}
 l - a scroll of magic mapping {unknown}
 n - 2 scrolls of brand weapon {unknown}
 q - a scroll of blinking {unknown}
 r - 5 scrolls of teleportation {unknown}
 s - a scroll of fog {unknown}
 t - 2 scrolls of noise {unknown}
 B - a scroll of torment {unknown}
 D - 2 scrolls of immolation {unknown}
 G - 2 scrolls of enchant weapon {unknown}
 H - a scroll of fear {unknown}
Potions
 e - a potion of lignification {unknown}
 h - a potion of haste {unknown}
 i - 2 potions of attraction {unknown}
 j - 3 potions of mutation {unknown}
 k - 5 potions of curing {unknown}
 o - 3 potions of degeneration {unknown}
 p - a potion of invisibility {unknown}
 v - a potion of resistance {unknown}
 z - 2 potions of cancellation {unknown}
 A - a potion of brilliance {unknown}
 C - a potion of ambrosia {unknown}
 E - a potion of berserk rage {unknown}
 F - a potion of heal wounds {unknown}


   Skills:
 + Level 3.6 Fighting
 + Level 10.5 Axes
 - Level 2.6 Armour
 - Level 2.6 Shields


You had 7 spell levels left.
You didn't know any spells.
Your spell library contained the following spells:

 Spells                   Type           Power      Damage    Failure   Level
 Static Discharge         Conj/Air       0%         N/A       75%         2
 Lightning Bolt           Conj/Air       0%         1d11      100%        5
 Maxwell's Capacitive Co  Air            0%         ∞         100%        8


Dungeon Overview and Level Annotations

Branches:
Dungeon (5/15)             Temple (0/1) D:4         Ossuary (visited)

Shops:
D:1 !   D:4 (

Annotations:
D:2 1 runed translucent door, Crazy Yiuf


Innate Abilities, Weirdness & Mutations

You have an increased reservoir of magic. (+10% MP)
You shall have no god before yourself.
Your divine heritage dramatically boosts your attributes as you level up.


Message History

Aim: a two-headed ogre, wielding two +0 giant clubs (lightly wounded, poisoned, 73% to hit)
You throw a poisoned dart.
The poisoned dart hits the two-headed ogre.
The two-headed ogre looks even sicker.
The two-headed ogre is lightly wounded.
Throw: 2 throwing nets
Press: ? - help, Shift-Dir - straight line, f/p - two-headed ogre
Aim: a two-headed ogre, wielding two +0 giant clubs (lightly wounded, very poisoned, 73% to hit)
You throw a throwing net.
The throwing net hits the two-headed ogre.
The two-headed ogre is caught in the net!
The two-headed ogre is lightly wounded.
The two-headed ogre struggles against the net.
Unknown command.
You slash the two-headed ogre!
The two-headed ogre is moderately wounded.
The two-headed ogre struggles against the net.
You strike the helpless two-headed ogre from behind!
You hit the two-headed ogre.
The two-headed ogre is heavily wounded.
The two-headed ogre struggles against the net.
You slash the two-headed ogre!
The two-headed ogre is heavily wounded.
The two-headed ogre struggles against the net.
You slash the two-headed ogre!
The two-headed ogre is severely wounded.
The two-headed ogre struggles against the net.
The net rips apart, and the two-headed ogre comes free!
Throw: throwing net
Press: ? - help, Shift-Dir - straight line, f/p - two-headed ogre
Aim: a two-headed ogre, wielding two +0 giant clubs (severely wounded, poisoned, 73% to hit)
You throw a throwing net.
The throwing net barely misses the two-headed ogre.
The two-headed ogre hits you with a +0 giant club!
The two-headed ogre hits you with a +0 giant club!!
You hit the two-headed ogre.
The two-headed ogre is almost dead.
The two-headed ogre hits you with a +0 giant club!!!
Ouch! That really hurt!
You die...

##..## ### ###.# #..
#.######## ### #..
##..[..... ...####..#
#<####### O.>......# ##.#
........## ##..# .........#
#########..##
#......######O@........#
####.....#..(.##.......##
#........#####.......#######
##<.....(## ##.............
#..O....## #..##########.
##..#..(.# #..# ##
##..##(...# #..# #...#)...##
#..# ####### #.[.......##
##.# #......


You could see a two-headed ogre (poisoned).

Vanquished Creatures
  Grinder (D:5)
  Prince Ribbit (D:5)
  Menkaure (D:5)
  Duvessa (D:5)
  A phantom (D:5)
  A necrophage (D:4)
  9 scorpions
  Dowan (D:5)
  2 centaur zombies (Ossuary)
  A human zombie (Ossuary)
  2 hounds
  Jessica (D:2)
  Terence (D:3)
  4 iguanas (D:5)
  An orc wizard (D:4)
  3 scorpion zombies (Ossuary)
  3 mummies (Ossuary)
  5 adders
  2 worms
  A dart slug (D:4)
  6 orcs
  6 endoplasms
  3 giant cockroaches
  A gnoll zombie (Ossuary)
  4 goblins
  9 hobgoblins
  8 kobolds
  4 quokkas
  3 training dummies (D:4)
  7 ball pythons
  7 bats
  3 frilled lizards (D:1)
  5 goblin zombies (Ossuary)
  2 hobgoblin zombies (Ossuary)
  3 kobold zombies (Ossuary)
  3 orc zombies (Ossuary)
  A quokka zombie (D:5)
  4 rats
  A rat zombie (D:5)
122 creatures vanquished.

Notes
Turn   | Place    | Note
-------+----------+-------------------------------------------
     0 | D:1      | drugrobin the Demigod Fighter began the quest for the Orb.
     0 | D:1      | Reached XP level 1. HP: 18/18 MP: 3/3
    51 | D:1      | Reached skill level 2 in Axes
   454 | D:1      | Reached XP level 2. HP: 25/25 MP: 4/4
   623 | D:1      | Found Vibier Koinn's Distillery.
   693 | D:1      | Reached skill level 3 in Axes
  1208 | D:2      | Noticed Jessica
  1248 | D:3      | Noticed Terence
  1274 | D:3      | Killed Terence
  1275 | D:3      | Reached XP level 3. HP: 20/30 MP: 5/5
  1619 | D:3      | Reached skill level 4 in Axes
  1672 | D:3      | Reached XP level 4. HP: 19/37 MP: 6/6
  2871 | D:2      | Killed Jessica
  3258 | D:2      | Found a runed translucent door.
  3259 | D:2      | Noticed Crazy Yiuf
  3753 | D:4      | Reached skill level 5 in Axes
  3888 | D:4      | Found a staircase to the Ecumenical Temple.
  3961 | D:4      | Reached XP level 5. HP: 26/42 MP: 7/7
  4199 | D:4      | Found Ulloul's Firing Range.
  4203 | D:4      | Bought a throwing net for 33 gold pieces
  4790 | D:5      | Entered Level 5 of the Dungeon
  4790 | D:5      | Noticed Duvessa
  4790 | D:5      | Noticed Dowan
  4798 | D:4      | Reached skill level 6 in Axes
  4798 | D:4      | Reached XP level 6. HP: 47/50 MP: 8/8
  4832 | D:5      | Killed Duvessa
  4842 | D:5      | Killed Dowan
  4861 | D:5      | Reached skill level 7 in Axes
  5200 | D:5      | Found a sand-covered staircase.
  5200 | D:5      | Noticed Grinder
  5205 | D:5      | Paralysed by Grinder for 7 turns
  5213 | D:5      | Killed Grinder
  5214 | D:5      | Reached skill level 8 in Axes
  5214 | D:5      | Reached XP level 7. HP: 33/56 MP: 9/9
  5220 | Ossuary  | Entered an ossuary
  5777 | Ossuary  | Reached skill level 9 in Axes
  6097 | Ossuary  | Reached XP level 8. HP: 55/62 MP: 10/10
  6391 | D:5      | Noticed Prince Ribbit
  6406 | D:5      | Killed Prince Ribbit
  6407 | D:5      | Reached skill level 10 in Axes
  6646 | D:5      | Noticed Menkaure
  6651 | D:5      | Killed Menkaure
  7088 | D:5      | Noticed a two-headed ogre
  7425 | D:5      | Slain by a two-headed ogre

Illustrated notes

Levels and vault maps discovered:
D:1:      wheals_arrival_shading, layout_basic, serial_shops,
          nicolae_shop_hallway_plus
D:2:      layout_basic, ebering_ecumenical_altar_sacrificial,
          uniq_crazy_yiuf_cottage, uniq_jessica
D:3:      layout_basic, grunt_temple_overflow_cloverleaf, uniq_terence
D:4:      layout_loops_ring, minmay_temple_entry_crystal_x,
          nicolae_shop_firing_range
D:5:      layout_layer_cave, enter_ossuary_4, ebering_dispersal_statue_hall,
          hangedman_decor_slide_cut, nicolae_zen_rock_garden,
          nicolae_figureground_pulse, uniq_duvessa, uniq_prince_ribbit1,
          uniq_grinder, uniq_menkaure

Skill      XL: |  1  2  3  4  5  6  7  8 |
---------------+-------------------------+-----
Axes           | 2 3 4 5 6 8 9 10 | 10.5
Fighting       | 3 |  3.6
Armour         | |  2.6
Shields        | |  2.6

Action                   |  1- 3 |  4- 6 |  7- 9 || total
-------------------------+-------+-------+-------++-------
Melee: War axe           |    88 |   151 |   130 ||   369
 Fire: Hunting sling     |    21 |    32 |       ||    53
Throw: Dart              |       |    13 |    21 ||    34
       Throwing net      |       |     3 |     2 ||     5
Evoke: Wand              |       |     7 |     3 ||    10
  Use: Potion            |     1 |       |       ||     1
 Stab: Held in net/web   |       |     2 |     1 ||     3
Armor: Scale mail        |    25 |       |       ||    25
       Chain mail        |    12 |    73 |    65 ||   150
Dodge: Dodged            |    41 |    34 |    37 ||   112
Block: Buckler           |    19 |    29 |    21 ||    69

Table legend: (Time is in decaauts)
 A = Elapsed time spent in this place.
 B = Non-inter-level travel time spent in this place.
 C = Inter-level travel time spent in this place.
 D = Time resting spent in this place.
 E = Time spent auto-exploring this place.
 F = Levels seen in this place.
 G = Mean time per level.
                   A        B        C        D        E       F      G
               +--------+--------+--------+--------+--------+-----+--------+
         Total |   7546 |   7272 |    274 |   1835 |   3573 |   6 | 1257.7 |
       Dungeon |   6380 |   6106 |    274 |   1247 |   3443 |   5 | 1276.0 |
       Ossuary |   1166 |   1166 |      0 |    588 |    130 |   1 | 1166.0 |
               +--------+--------+--------+--------+--------+-----+--------+

Top non-repeatable levels by time:
     D:3: 1484 daAuts
     D:5: 1406 daAuts
     D:4: 1224 daAuts
     D:2: 1169 daAuts
 Ossuary: 1166 daAuts
     D:1: 1096 daAuts
